Map: Backwater LE

Players

Kozzy

  • Race: Protoss Protoss
  • League: Gold
  • Spawn Location: 5:00

Kaik - Winner!

  • Race: Terran Terran
  • League: Gold
  • Spawn Location: 11:00

VOD

Have the link to the VOD?

Description

Time

  • Played on: April 2, 2018, 1:12 a.m.
  • Length: 10:37
Show
View Real Time Build Order
Export as new Build Order

Kozzy Protoss 

Build Orders:  

Get SALT Encoding   

  12  0:06  Probe  
  13  0:18  Probe  
  14  0:21  Pylon  
  14  0:30  Probe  
  15  0:41  Gateway  
  15  0:42  Probe (Chrono Boost)  
  16  0:54  Probe (Chrono Boost)  
  17  1:00  Probe (Chrono Boost)  
  18  1:09  Probe  
  19  1:11  Assimilator  
  19  1:13  Assimilator  
  19  1:20  Pylon  
  19  1:21  Probe  
  20  1:29  Cybernetics Core  
  20  1:34  Zealot  
  22  1:44  Probe (Chrono Boost)  
  23  1:53  Probe (Chrono Boost)  
  24  1:56  Gateway  
  24  1:58  Probe (Chrono Boost)  
  25  2:04  Stalker (Chrono Boost)  
  27  2:11  Warp Gate  
  27  2:23  Shield Battery  
  27  2:25  Pylon  
  27  2:33  Probe  
  28  2:37  Stalker  
  30  2:46  Stalker  
  32  3:01  Forge  
  32  3:06  Pylon  
  32  3:11  Stalker  
  34  3:36  Stalker  
  34  3:38  Protoss Ground Weapons Level 1 (Chrono Boost)  
  36  3:41  Photon Cannon  
  36  3:44  Stalker  
  38  4:17  Stalker  
  38  4:19  Stalker  
  38  4:22  Gateway  
  42  4:25  Pylon  
  43  5:02  Gateway  
  39  5:09  Pylon  
  39  5:12  Stalker  
  39  5:13  Stalker  
  43  5:18  Stalker  
  45  5:25  Gateway  
  45  5:28  Twilight Council  
  45  5:30  Pylon  
  45  5:36  Stalker  
  41  5:58  Stalker x2  
  41  6:00  Stalker  
  47  6:04  Blink (Chrono Boost)  
  47  6:20  Protoss Ground Weapons Level 2 (Chrono Boost)  
  47  6:24  Stalker  
  49  6:31  Stalker  
  37  7:43  Stalker x4  
  37  7:44  Stalker  
  41  8:10  Stalker x3  
  41  8:11  Stalker x2  
  51  8:36  Stalker x4  
  51  8:39  Stalker  
  43  9:10  Stalker x3  
  35  9:44  Stalker  
  35  9:45  Stalker x2  
Show
View Real Time Build Order
Export as new Build Order

Kaik Terran - Winner!

Build Orders: Cyclone Opening, MMM Bio 

Get SALT Encoding   

  12  0:01  SCV  
  13  0:13  SCV  
  14  0:18  Supply Depot  
  14  0:25  SCV  
  15  0:30  Refinery  
  15  0:39  SCV  
  16  0:47  Barracks  
  16  0:53  SCV  
  17  1:00  Refinery  
  17  1:05  SCV  
  18  1:17  SCV  
  19  1:29  SCV  
  20  1:36  Supply Depot  
  20  1:37  Factory  
  20  1:39  Barracks Reactor  
  20  1:52  Orbital Command  
  20  2:21  SCV  
  21  2:29  Cyclone x2  
  27  2:33  SCV  
  28  2:45  Supply Depot, SCV  
  29  3:01  Command Center  
  29  3:05  SCV  
  30  3:17  SCV  
  31  3:27  Cyclone x2  
  31  3:29  SCV  
  38  3:34  Barracks Tech Lab  
  38  3:40  Supply Depot  
  39  3:48  SCV  
  39  3:56  Stimpack  
  39  4:00  Barracks  
  39  4:02  SCV  
  40  4:14  SCV  
  41  4:17  Engineering Bay  
  41  4:18  Orbital Command  
  41  4:26  SCV  
  43  4:38  SCV  
  43  4:45  SCV  
  44  4:47  Marauder  
  44  4:48  Barracks Tech Lab  
  44  4:50  Barracks, SCV, Terran Infantry Weapons Level 1  
  47  4:58  SCV  
  47  4:59  Starport  
  48  5:00  Supply Depot  
  48  5:05  SCV  
  49  5:09  Marauder  
  49  5:11  SCV  
  49  5:14  Concussive Shells, Factory Tech Lab  
  54  5:21  Marauder  
  54  5:24  Supply Depot  
  54  5:28  Armory, Engineering Bay  
  54  5:30  SCV x2  
  54  5:32  Refinery  
  56  5:36  Starport Reactor  
  56  5:39  Barracks Reactor  
  57  5:42  SCV  
  57  5:43  SCV  
  55  5:56  Marauder  
  47  6:03  Siege Tank  
  50  6:07  Barracks  
  50  6:09  Barracks  
  50  6:12  Supply Depot, Marauder  
  50  6:13  Terran Infantry Armor Level 1  
  52  6:21  Marine x3  
  52  6:23  Medivac  
  57  6:33  Marine  
  57  6:35  SCV x2  
  57  6:39  Marine x2, Supply Depot  
  62  6:41  Medivac  
  55  6:52  Marine x2  
  48  6:57  Barracks Reactor  
  48  6:58  Barracks Reactor  
  42  7:10  Marine x3, Marauder x2  
  34  7:32  Marauder  
  31  7:45  SCV  
  32  7:53  Marauder  
  32  7:55  Medivac  
  35  8:09  SCV  
  35  8:11  Marauder  
  38  8:14  Marauder  
  38  8:18  Barracks Reactor  
  38  8:19  Barracks Tech Lab  
  40  8:23  SCV  
  40  8:24  Medivac  
  43  8:28  SCV  
  44  8:35  SCV  
  44  8:39  Combat Shields  
  44  8:40  SCV  
  46  8:43  Marine x2  
  48  8:48  Medivac  
  48  8:50  SCV  
  40  9:03  Marine x2  
  40  9:04  Marauder x2  
  40  9:08  Medivac  
  46  9:10  SCV  
  36  9:29  Medivac  
  33  9:38  SCV x2  
  31  9:43  Medivac  
  32  9:47  Marine x4  
  32  9:48  Marauder  
  32  9:51  SCV  
  37  10:03  Marine x2  
  37  10:09  Marine x3  
Tags
 
Composition
MMM Bio
League
GoldGold
Matchup
PvT
Spawn Locations
Cross Positions
Add a new tag
Caveats
  • Supply blocks, unpowered buildings, or Contaminate may cause inaccurate times.
  • Supply counts are checked every 10 seconds.